 Dungeon Crawl Stone Soup version 0.29.0-4-gdea44cf6ec (webtiles) character file.

Game seed: 3753532124166760633

30 qw the Chopper (level 3, -2/21 HPs)
             Began as a Tengu Warper on Aug 28, 2022.
             Slain by Sigmund
             ... wielding a +0 scythe
              (3 damage)
             ... on level 2 of the Dungeon.
             The game lasted 00:00:07 (1925 turns).

qw the Chopper (Tengu Warper)                       Turns: 1925, Time: 00:00:08

Health: -2/21      AC:  3    Str: 13    XL:     3   Next: 18%
Magic:  7/7        EV: 12    Int: 13    God:
Gold:   36         SH:  0    Dex: 13    Spells: 6/6 levels left

rFire   . . .      SeeInvis .   Y - +0 hand axe
rCold   . . .      Faith    .   (no shield)
rNeg    . . .      Spirit   .   b - +0 leather armour
rPois   .          Reflect  .   (helmet restricted)
rElec   .          Harm     .   (no cloak)
rCorr   .          Rampage  .   (no gloves)
Will    .....                   (boots unavailable)
Stlth   +.........              (no amulet)
HPRegen 0.07/turn               (no ring)
MPRegen 0.10/turn               (no ring)

@: no status effects
A: beak, talons 3
a: no special abilities


You were on level 2 of the Dungeon.
You visited 1 branch of the dungeon, and saw 2 of its levels.

You collected 36 gold pieces.


Innate Abilities, Weirdness & Mutations

You have a beak for a mouth.
You have claws for feet.


   Skills:
 - Level 2.0 Fighting
 + Level 3.9 Axes
 - Level 1.0 Throwing
 - Level 1.1 Armour
 - Level 2.1 Dodging
 - Level 2.0 Spellcasting
 - Level 2.4 Translocations


You had 6 spell levels left.
You didn't know any spells.
Your spell library contained the following spells:

 Spells                   Type           Power      Damage    Failure   Level
 Blink                    Tloc           14%        N/A       19%         2
 Gell's Gravitas          Tloc           7%         N/A       36%         3
 Lesser Beckoning         Tloc           7%         N/A       36%         3
 Teleport Other           Tloc           7%         N/A       36%         3
 Manifold Assault         Tloc           7%         N/A       98%         5

Inventory:

Hand Weapons
 d - a +0 whip
 Y - a +0 hand axe (weapon)
Armour
 b - a +0 leather armour (worn)
Scrolls
 a - a scroll of torment {unknown}
 c - a scroll of teleportation {unknown}
Potions
 e - a potion of heal wounds {unknown}

Dungeon Overview and Level Annotations

Branches:
Dungeon (2/15)

Altars:

Shops:
D:1 :

Annotations:
D:2 Sigmund


Message History

You kill the kobold!
You start resting.
A ball python comes into view.
1866 ||| Stepping ~*~*~tactically~*~*~ (stealth).
You start resting.
HP restored.
You see here a +0 club.
A ball python is nearby!
The ball python hisses angrily.
The ball python closely misses you. The ball python grabs you.
The ball python constricts you.
You closely miss the ball python. You claw the ball python.
You peck the ball python.
You kill the ball python!
a - a scroll labelled ESIHOD FEATUERPH You now have 36 gold pieces (gained 18).
c - a scroll labelled RINEMPUANA Sigmund the Dreaded comes into view.
He is wielding a +0 scythe.
Sigmund casts a spell.
Sigmund flickers and vanishes!
Deactivating autopickup; reactivate with Ctrl-A.
You swing at nothing.
You swing at nothing.
You swing at nothing.
Something hits you but does no damage.
You swing at nothing.
You swing at nothing.
Something hits you but does no damage.
You swing at nothing.
Something hits you.
You swing at nothing.
Something hits you.
You swing at nothing.
You swing at nothing.
Something hits you but does no damage.
You swing at nothing.
Something hits you!
You swing at nothing.
Something hits you.
You die...

### .. # .. .. . ..
..... .#.# #...# #...#
#...# #####...## #...#
#...@....#
#####...#####.###.##..#
..............#####
................#
..............###
###.......###.#
#.#...#.# ### #.#...#.#
# #...#.#


There were no monsters in sight!

Vanquished Creatures
  3 ball pythons
  6 endoplasms
  A goblin (D:1)
  4 hobgoblins (D:1)
  A frilled lizard (D:1)
  6 kobolds
  6 rats (D:1)
  A spectral hobgoblin (D:1)
28 creatures vanquished.

Notes
Turn   | Place    | Note
-------+----------+-------------------------------------------
     0 | D:1      | qw the Tengu Warper began the quest for the Orb.
     0 | D:1      | Reached XP level 1. HP: 12/12 MP: 4/4
     0 | D:1      | 0 ||| qw: Version: 0.1-a-89-g26bdef1
     0 | D:1      | 0 ||| qw: Game counter: 3210
     0 | D:1      | 0 ||| qw: Always use a shield: true
     0 | D:1      | 0 ||| qw: God list: Okawaru
     0 | D:1      | 0 ||| qw: Allow faded altars: false
     0 | D:1      | 0 ||| qw: Do Orc after D:15 true
     0 | D:1      | 0 ||| qw: Do second Lair branch before Depths: true
     0 | D:1      | 0 ||| qw: Lair rune preference: random
     0 | D:1      | 0 ||| qw: Plans: Normal
     0 | D:1      | 0 ||| PLANNING D:1-11
    91 | D:1      | Found a faded altar of an unknown god.
   129 | D:1      | Found Suittyse's Book Boutique.
   166 | D:1      | Reached XP level 2. HP: 12/17 MP: 6/6
   329 | D:1      | Reached skill level 3 in Axes
   886 | D:1      | 886 ||| Stepping ~*~*~tactically~*~*~ (stealth).
  1369 | D:1      | Reached XP level 3. HP: 14/21 MP: 7/7
  1761 | D:1      | 1761 ||| READING scroll labelled NED RUOTISAAHU.
  1762 | D:1      | 1762 ||| READING scroll labelled MAELED AM WEO.
  1763 | D:1      | 1763 ||| DROPPING scroll of blinking.
  1866 | D:2      | 1866 ||| Stepping ~*~*~tactically~*~*~ (stealth).
  1914 | D:2      | Noticed Sigmund
  1924 | D:2      | HP: 1/21 [something (9)]
  1925 | D:2      | Slain by Sigmund

Levels and vault maps discovered:
D:1:      mushboom_english_gardens, layout_loops_corners, serial_shops, shop,
          dreamdust_ecumenical_altar_drowned_temple, minmay_misc_feat_rugged,
          roderic_lattice_a, solitary_fountain, minmay_statues_item
D:2:      minmay_alternating_diamond, layout_loops_cross, uniq_sigmund

Skill      XL: |  1  2 |
---------------+-------+-----
Axes           | 3 |  3.9
Fighting       | |  2.0
Throwing       | |  1.0
Armour         | |  1.1
Dodging        | |  2.1
Spellcasting   | |  2.0
Translocations | |  2.4

Action                   || total
-------------------------++-------
Melee: Hand axe          ||    66
       Peck              ||    11
       Kick              ||    12
       Punch             ||     2
Throw: Boomerang         ||     7
  Use: Scroll            ||     2
Armor: Leather armour    ||    12
Dodge: Dodged            ||    29

Table legend:
 A = Non-vault XP
 B = Vault XP
 C = Vault XP percentage of total XP
 D = Non-vault monster count
 E = Vault monster count
 F = Vault count percentage of total count
                 A         B        C        D         E       F
            +---------+---------+-------+---------+---------+-------
      Total |      42 |       1 |   2.3 |      27 |       1 |   3.6
            +---------+---------+-------+---------+---------+-------
        D:1 |      37 |       1 |   2.6 |      24 |       1 |   4.0
        D:2 |       5 |       0 |   0.0 |       3 |       0 |   0.0
            +---------+---------+-------+---------+---------+-------
